 Dungeon Crawl Stone Soup version 0.30-a0-964-gd452b5e7fa (webtiles) character file.

Game seed: 13937812323974043714

5 MachoJfn the Chopper (level 1, 0/20 HPs)
             Began as a Hill Orc Monk on Mar 30, 2023.
             Constricted to death by a ball python (1 damage)
             ... on level 1 of the Dungeon.
             The game lasted 00:00:26 (61 turns).

MachoJfn the Chopper (Hill Orc Monk)                  Turns: 61, Time: 00:00:26

Health: 0/20       AC:  3    Str: 13    XL:     1   Next: 80%
Magic:  1/1        EV:  9    Int: 10    God:
Gold:   12         SH:  0    Dex: 13    Spells: 0/0 levels left

rFire   . . .      SeeInvis .    a - +0 hand axe
rCold   . . .      Faith    .    (no shield)
rNeg    . . .      Spirit   .    b - +0 robe
rPois   .          Reflect  .    d - +0 helmet
rElec   .          Rampage  .    (no cloak)
rCorr   .                        (no gloves)
Will    .....                    (no boots)
Stlth   ++                       (no amulet)
HPRegen 0.23/turn                (no ring)
MPRegen 0.07/turn                (no ring)

@: constricted
A: no striking features
a: no special abilities


You were on level 1 of the Dungeon.
You visited 1 branch of the dungeon, and saw 1 of its levels.

You collected 12 gold pieces.

Inventory:

Hand Weapons
 a - a +0 hand axe (weapon)
Armour
 b - a +0 robe (worn)
 d - a +0 helmet (worn)
Potions
 c - a potion of ambrosia


   Skills:
 + Level 3.7 Fighting
 + Level 4.2 Axes
 + Level 2.5 Dodging
 + Level 1.5 Stealth


You couldn't memorise any spells.
You didn't know any spells.
Your spell library was empty.

Dungeon Overview and Level Annotations

Branches:
Dungeon (1/15)

Altars:


Message History

The hobgoblin shouts!
You hear an angry hiss.
You hit the ball python but do no damage.
You hit the dart slug but do no damage.
A ball python comes into view.
The dart slug bites you.
The ball python bites you but does no damage.
The ball python barely misses you.
You hit the dart slug.
The dart slug is moderately wounded.
You hit the ball python.
You kill the ball python!
The dart slug bites you but does no damage.
You hit the dart slug.
The dart slug is almost dead.
You hit the dart slug.
You kill the dart slug!
Found a scroll labelled UZAR FAEKIOHO.
The hobgoblin hits you.
A goblin comes into view. It is wielding a +0 club.
The ball python barely misses you. The ball python closely misses you.
You barely miss the ball python. You closely miss the hobgoblin.
The hobgoblin closely misses you. The ball python bites you.
The ball python closely misses you.
You closely miss the hobgoblin. You hit the ball python.
The hobgoblin closely misses you. The ball python closely misses you.
The ball python grabs you. The ball python constricts you.
The hobgoblin hits you.
You hit the hobgoblin.
The hobgoblin is almost dead.
You closely miss the ball python. The ball python bites you.
The ball python constricts you. The hobgoblin closely misses you.
The ball python bites you.
* * * LOW HITPOINT WARNING * * *
The ball python constricts you.
* * * LOW HITPOINT WARNING * * *
You hit the hobgoblin.
You kill the hobgoblin!
You closely miss the ball python. The ball python bites you.
* * * LOW HITPOINT WARNING * * *
The ball python constricts you.
You die...

...<.........#...#####.# ##
..........#.#..#.......# ...
..........##..##.....###....
..........#..###.###..##....
.........##..# #.##.........
....[...###..# #.##.........
.......## # .###'##....#....
###≈#### .#....#....#.##.
#.†@†###### # #...S.g....
#.........? #..........
#.......... #..........
###########


You could see a goblin and a ball python.

Vanquished Creatures
  A dart slug (D:1)
  A ball python (D:1)
  A hobgoblin (D:1)
  A goblin (D:1)
  A rat (D:1)
5 creatures vanquished.

Notes
Turn   | Place    | Note
-------+----------+-------------------------------------------
     0 | D:1      | MachoJfn the Hill Orc Monk began the quest for the Orb.
     0 | D:1      | Reached XP level 1. HP: 19/19 MP: 1/1
    61 | D:1      | HP: 1/20 [ball python (3)]
    61 | D:1      | Constricted to death by a ball python

Illustrated notes

Levels and vault maps discovered:
D:1:      psy_arrival_dodecagon, layout_basic

Action                     || total
---------------------------++-------
  Melee: Hand axe          ||    12
 Armour: Robe              ||     2
  Dodge: Dodged            ||     9

Table legend: (Time is in decaauts)
 A = Elapsed time spent in this place.
 B = Non-inter-level travel time spent in this place.
 C = Inter-level travel time spent in this place.
 D = Time resting spent in this place.
 E = Time spent auto-exploring this place.
 F = Levels seen in this place.
 G = Mean time per level.
                   A        B        C        D        E       F      G
               +--------+--------+--------+--------+--------+-----+--------+
         Total |     62 |     47 |     15 |      0 |     13 |   1 |   62.0 |
       Dungeon |     62 |     47 |     15 |      0 |     13 |   1 |   62.0 |
               +--------+--------+--------+--------+--------+-----+--------+

Top non-repeatable levels by time:
     D:1: 62 daAuts
